 Dungeon Crawl Stone Soup version 0.21.1-1-g345015f (webtiles) character file.

476 shadizar the Covered (level 6, -3/56 HPs)
             Began as a Minotaur Fighter on June 14, 2018.
             Killed by divine providence
             ... invoked by an orc priest
              (8 damage)
             ... on level 4 of the Dungeon.
             The game lasted 00:07:40 (2466 turns).

shadizar the Covered (Minotaur Fighter)             Turns: 2466, Time: 00:07:40

Health: -3/56      AC: 16    Str: 21    XL:     6   Next: 85%
Magic:  5/5        EV: 13    Int:  5    God:
Gold:   117        SH:  0    Dex: 16    Spells: 5/5 levels left

rFire    . . .     SeeInvis .   d - +3 scythe (protect)
rCold    . . .     Gourm    .   (shield currently unavailable)
rNeg     . . .     Faith    .   h - +0 chain mail
rPois    .         Spirit   .   (helmet restricted)
rElec    .         Reflect  .   (no cloak)
rCorr    .         Harm     .   (no gloves)
MR       .....                  (no boots)
Stlth    ..........             (no amulet)
HPRegen  0.18/turn              (no ring)
MPRegen  0.09/turn              (no ring)

@: agile, protection aura, heavily drained
A: retaliatory headbutt, horns 2
a: no special abilities


You were on level 4 of the Dungeon.
You were hungry.

You visited 1 branch of the dungeon, and saw 4 of its levels.
You also visited: Sewer.

You collected 117 gold pieces.

Inventory:

Hand Weapons
 a - a +0 war axe
 d - a +3 scythe of protection (weapon)
Armour
 b - a +1 animal skin
 c - a +0 shield
 h - a +0 chain mail (worn)
Scrolls
 e - a scroll of remove curse {unknown}
 g - a scroll of noise {unknown}
 i - 2 scrolls of teleportation {unknown}
 m - 2 scrolls of amnesia {unknown}
 p - 2 scrolls of identify {unknown}
 q - a scroll of enchant weapon {unknown}
 s - a scroll of random uselessness {unknown}
Potions
 j - a potion of agility
 k - 4 potions of flight {unknown}
 l - 3 potions of curing {unknown}
 n - 4 potions of heal wounds {unknown}
 o - 3 potions of brilliance {unknown}
 r - a potion of resistance
Comestibles
 f - 5 rations


   Skills:
 + Level 5.1(3.6) Fighting
 + Level 4.4(3.1) Axes
 + Level 1.8(1.9) Polearms
 + Level 5.2(3.7) Armour
 + Level 3.1(1.7) Dodging
 + Level 5.1(3.6) Shields


You had 5 spell levels left.
You didn't know any spells.

Dungeon Overview and Level Annotations

Branches:
Dungeon (4/15)
 Temple: D:4-7

Altars:

Annotations:
D:3 Ramesses's ghost, amateur MfVM


Innate Abilities, Weirdness & Mutations

You reflexively headbutt those who attack you in melee.
You have a pair of horns on your head.


Message History

You headbutt the orc priest!
You kill the orc priest!
An orc comes into view. It is wielding a short sword.
The orc shouts!
An orc priest and an ogre come into view.
The ogre shouts!
You hear a shout!
The orc priest moves out of view.
You feel agile all of a sudden. The orc hits you but does no damage.
You closely miss the orc. The orc barely misses you. You furiously retaliate!
You headbutt the orc!
You kill the orc!
The ogre hits you with a giant spiked club!
* * * LOW HITPOINT WARNING * * *
You hit the ogre.
Your weapon exudes an aura of protection.
The ogre is lightly wounded.
The orc priest calls down the wrath of Beogh upon you.
Beogh smites you!
You die...

). ... ...
#######.###
#.)...o..$.
.o....#@O......
.#### #........
#(.......
#######.. .


You could see an ogre and an orc priest.

Vanquished Creatures
  Sigmund (D:2)
  2 orc wizards (D:3)
  An orc priest (D:4)
  Robin (D:2)
  2 adders (Sewer)
  3 river rats (Sewer)
  3 oozes
  3 worms (D:3)
  3 dart slugs
  A leopard gecko (D:2)
  8 orcs
  12 bats
  5 giant cockroaches
  17 goblins
  12 hobgoblins
  4 jackals (D:3)
  27 kobolds
  A quokka (D:2)
  6 ball pythons
  6 frilled lizards
  25 rats
143 creatures vanquished.

Notes
Turn   | Place    | Note
-------+----------+-------------------------------------------
     0 | D:1      | shadizar the Minotaur Fighter began the quest for the Orb.
     0 | D:1      | Reached XP level 1. HP: 19/19 MP: 0/0
   111 | D:1      | Reached XP level 2. HP: 25/27 MP: 1/1
   171 | D:1      | Reached skill level 1 in Dodging
   354 | D:1      | Reached XP level 3. HP: 33/33 MP: 2/2
   750 | D:2      | Noticed Sigmund
   758 | D:2      | Killed Sigmund
   758 | D:2      | Reached XP level 4. HP: 14/41 MP: 3/3
   758 | D:2      | Reached XP level 5. HP: 16/47 MP: 4/4
  1107 | D:2      | Noticed Robin
  1123 | D:2      | Killed Robin
  1324 | D:3      | Reached XP level 6. HP: 55/55 MP: 5/5
  1326 | D:3      | Reached skill level 5 in Armour
  1472 | D:3      | Reached skill level 1 in Polearms
  1478 | D:3      | Found a glowing drain.
  1494 | Sewer    | Entered a sewer
  1646 | Sewer    | Reached skill level 5 in Fighting
  1646 | Sewer    | Reached skill level 5 in Shields
  2383 | D:3      | Noticed Ramesses's ghost (amateur MfVM)
  2466 | D:4      | Killed from afar by an orc priest

Skill      XL: |  1  2  3  4  5  6 |
---------------+-------------------+-----
Dodging        | 1 2 3 |  3.1
Armour         | 4 5 |  5.2
Fighting       | 4 5 |  5.1
Shields        | 4 5 |  5.1
Axes           | 3 4 |  4.4
Polearms       | 1 |  1.8

Action                   |  1- 3 |  4- 6 || total
-------------------------+-------+-------++-------
Melee: War axe           |   100 |       ||   100
       Headbutt          |     7 |    23 ||    30
       Scythe            |       |   185 ||   185
  Use: Potion            |     1 |     2 ||     3
  Eat: Chunk             |       |     5 ||     5
Armor: Scale mail        |    63 |       ||    63
       Chain mail        |       |   177 ||   177
Dodge: Dodged            |    37 |   150 ||   187
Block: Shield            |    65 |       ||    65
